 Dungeon Crawl Stone Soup version 0.19.5 (webtiles) character file.

160 GordonOverkill the Skirmisher (level 5, 0/54 HPs)
             Began as an Ogre Artificer on May 22, 2017.
             Slain by Grinder (3 damage)
             ... while paralysed by Grinder
             ... on level 3 of the Dungeon.
             The game lasted 00:11:31 (3650 turns).

GordonOverkill the Skirmisher (Ogre Artificer)      Turns: 3650, Time: 00:11:32

Health: 0/54       AC:  5    Str: 18    XL:     5   Next: 41%
Magic:  6/6        EV:  1    Int: 10    God:
Gold:   96         SH:  0    Dex: 10    Spells: 0 memorised, 4 levels left

rFire  . . .     SeeInvis .     j - +3 mace
rCold  . . .     Gourm    .     b - +0 robe
rNeg   . . .     Faith    .     (no shield)
rPois  .         Spirit   .     (helmet restricted)
rElec  .         Reflect  .     s - +1 cloak
rCorr  .         Harm     .     (gloves unavailable)
MR     .....                    (boots unavailable)
Stlth  +.........               (no amulet)
                                (no ring)
                                (no ring)

@: paralysed
A: unfitting armour, tough skin 1
a: no special abilities


You were on level 3 of the Dungeon.
You were not hungry.

You visited 1 branch of the dungeon, and saw 3 of its levels.

You collected 96 gold pieces.

Inventory:

Hand Weapons
 j - a +3 mace (weapon)
Missiles
 g - 90 stones (quivered)
Armour
 b - a +0 robe (worn)
 s - a +1 cloak (worn)
Wands
 c - a wand of flame (0/48)
 d - a wand of enslavement (15/24)
 e - a wand of random effects (8/48)
Scrolls
 k - a scroll of remove curse
 o - a scroll of immolation {unknown}
 r - 2 scrolls of identify {unknown}
Potions
 h - 2 potions of flight {unknown}
 l - a potion of degeneration {unknown}
 p - a potion of brilliance {unknown}
 q - a potion of heal wounds {unknown}
Comestibles
 f - 2 bread rations
 i - a slice of pizza
 n - 4 meat rations


   Skills:
 + Level 4.0 Fighting
   Level 0.5 Short Blades
 * Level 4.0 Maces & Flails
 - Level 2.0 Throwing
 - Level 1.7 Dodging
 - Level 0.6 Stealth
 + Level 2.4 Evocations


You had 4 spell levels left.
You didn't know any spells.

Dungeon Overview and Level Annotations

Branches:
Dungeon (3/15)

Altars:
Nemelex Xobeh

Annotations:
D:3 Grinder


Innate Abilities, Weirdness & Mutations

You are too large for most types of armour.
You have tough skin. (AC +1)


Message History

You can move again.
Unknown command.
Unknown command.
Okay, then.
As you read the scroll labeled OHAAHAW YMMONG, it crumbles to dust.
You feel blessed for a moment.
It was a scroll of remove curse.
As you read the scroll labeled UMUAMEI BAEFI, it crumbles to dust.
You assume a fearsome visage.
Nothing appears to happen.
It was a scroll of fear.
Something hits you.
* * * LOW HITPOINT WARNING * * *
Something hits you but does no damage. Something hits you!
* * * LOW HITPOINT WARNING * * *
You writhe in agony.
* * * LOW HITPOINT WARNING * * *
Something tries to affect you, but you resist.
You suddenly lose the ability to move!
Something tries to affect you, but you resist.
Something hits you.
You die...

#.##...## #.##.# . ....#
#.####.#.....## #.##†##.#
#.#.#
#.............###..(....#
#.#.#
#####................####
#.#.# ##........###..###
####.#.## #.#.....## #..#
#........ #.##...### #..#
#.##..... #........###..#
#.####.##
.....##......[@..# #.# #.#
####.
##.#.......######.####.##
#.#......).............#
#.#........#.####)###..#
##............####.# #..#
....................#
#####........#####..###..#
####.#................
#...........#####.#


There were no monsters in sight!

Vanquished Creatures
  Crazy Yiuf (D:2)
  7 adders
  A worm (D:2)
  3 dart slugs (D:1)
  5 leopard geckos
  An orc (D:3)
  4 bats
  2 giant cockroaches (D:2)
  4 goblins
  11 hobgoblins
  5 jackals
  A frilled lizard (D:1)
  6 kobolds
  3 rats (D:1)
54 creatures vanquished.

Vanquished Creatures (others)
  A frilled lizard (D:1)
  A rat (D:1)
2 creatures vanquished.

Grand Total: 56 creatures vanquished

Notes
Turn   | Place    | Note
-------+----------+-------------------------------------------
     0 | D:1      | GordonOverkill the Ogre Artificer began the quest for the Orb.
     0 | D:1      | Reached XP level 1. HP: 19/19 MP: 2/2
    98 | D:1      | Reached XP level 2. HP: 28/29 MP: 3/3
   521 | D:1      | Found a sparkling altar of Nemelex Xobeh.
   707 | D:1      | Reached skill level 1 in Maces & Flails
  1056 | D:1      | Reached skill level 1 in Throwing
  1093 | D:1      | Reached XP level 3. HP: 19/36 MP: 4/4
  2165 | D:2      | Reached XP level 4. HP: 34/45 MP: 5/5
  3011 | D:2      | Found a runed door.
  3150 | D:2      | Found a faded altar of an unknown god.
  3150 | D:2      | Found a faded altar of an unknown god.
  3157 | D:2      | Found a faded altar of an unknown god.
  3159 | D:2      | Found a faded altar of an unknown god.
  3160 | D:2      | Found a sparkling altar of Nemelex Xobeh.
  3284 | D:2      | Noticed Crazy Yiuf
  3291 | D:2      | Killed Crazy Yiuf
  3291 | D:2      | Reached XP level 5. HP: 54/54 MP: 6/6
  3365 | D:3      | Noticed Grinder
  3616 | D:3      | Paralysed by Grinder for 7 turns
  3630 | D:3      | Paralysed by something for 2 turns
  3636 | D:3      | Paralysed by something for 4 turns
  3644 | D:3      | HP: 2/54 [something (3)]
  3648 | D:3      | Paralysed by something for 6 turns
  3650 | D:3      | Slain by Grinder

Skill      XL: |  1  2  3  4  5 |
---------------+----------------+-----
Fighting       | 2 3 4 |  4.0
Maces & Flails | 1 2 3 4 |  4.0
Throwing       | 1 2 |  2.0
Short Blades   | |  0.5
Dodging        | |  1.7
Stealth        | |  0.6
Evocations     | |  2.4

Action                   |  1- 3 |  4- 6 || total
-------------------------+-------+-------++-------
Melee: Short sword       |    25 |       ||    25
       Club              |    94 |    34 ||   128
       Mace              |       |    29 ||    29
Throw: Stone             |    73 |    47 ||   120
Evoke: Wand              |     6 |    16 ||    22
  Use: Scroll            |       |     2 ||     2
 Stab: Paralysed         |       |     4 ||     4
       Confused          |       |     2 ||     2
  Eat: Chunk             |     4 |     5 ||     9
Armor: Robe              |    46 |    18 ||    64
Dodge: Dodged            |    67 |    33 ||   100
